Map: Année zéro EC

Players

Sorandom - Winner!

  • Race: Zerg Zerg
  • League: Diamond
  • Spawn Location: 1:00

Heretic

  • Race: Terran Terran
  • Spawn Location: 11:00

VOD

Have the link to the VOD?

Description

Time

  • Played on: April 16, 2019, 3:36 p.m.
  • Length: 6:34
Show
View Real Time Build Order
Export as new Build Order

Sorandom Zerg - Winner!

Build Orders: Pool Only, Ravager All-In 

Get SALT Encoding   

  12  0:18  Spawning Pool  
  11  0:24  Drone  
  11  0:27  Drone  
  13  0:31  Drone  
  14  0:36  Extractor  
  14  0:39  Extractor  
  12  0:43  Drone  
  12  0:47  Drone  
  14  1:07  Roach Warren  
  14  1:09  Drone  
  14  1:17  Overlord  
  14  1:29  Overlord  
  14  1:48  Roach x2  
  14  1:53  Roach  
  20  2:06  Roach  
  22  2:09  Ravager x2  
  22  2:15  Ravager  
  25  2:22  Roach  
  27  2:35  Roach  
  29  2:38  Ravager  
  30  2:52  Overlord  
  30  3:13  Roach x2  
  34  3:23  Roach  
  36  3:30  Roach  
  38  3:52  Ravager  
  38  3:53  Ravager  
  37  3:59  Overlord  
  34  4:25  Roach x2  
  38  4:37  Roach x2  
  39  4:57  Ravager x4  
  43  5:11  Spore Crawler, Drone x2  
  35  5:35  Roach x3  
  32  5:52  Roach, Ravager  
  35  5:59  Ravager x3  
  38  6:09  Ravager  
Show
View Real Time Build Order
Export as new Build Order

Heretic Terran 

Build Orders: Gas First Reaper Expand 

Get SALT Encoding   

  12  0:01  SCV  
  13  0:14  SCV  
  14  0:18  Supply Depot  
  14  0:26  SCV  
  15  0:32  Refinery  
  15  0:41  Barracks  
  15  0:45  SCV  
  16  1:01  SCV  
  17  1:13  SCV  
  18  1:28  Orbital Command  
  18  1:30  Reaper  
  19  1:44  Command Center  
  19  1:54  SCV  
  20  2:01  Factory  
  20  2:11  Barracks Reactor  
  20  2:17  Supply Depot  
  20  2:18  SCV  
  21  2:26  Refinery  
  21  2:30  SCV  
  21  2:38  Bunker, Marine  
  21  2:42  SCV  
  23  2:48  Hellion  
  25  2:54  SCV  
  26  3:05  Marine  
  27  3:11  Supply Depot  
  27  3:15  Widow Mine  
  29  3:23  Supply Depot  
  29  3:25  Supply Depot  
  25  3:48  Widow Mine  
  27  4:03  Starport  
  25  4:25  Factory Tech Lab  
  25  4:39  SCV x2  
  24  4:48  Siege Tank, Marine  
  27  4:54  SCV x2  
  27  4:58  Starport Tech Lab  
  29  5:06  SCV  
  30  5:18  SCV  
  30  5:19  Orbital Command  
  21  5:35  Siege Tank  
  19  5:53  SCV x2  
Tags
 
Add a new tag
Caveats
  • Supply blocks, unpowered buildings, or Contaminate may cause inaccurate times.
  • Supply counts are checked every 10 seconds.